 Dungeon Crawl Stone Soup version 0.30-a0-250-g41c1d76940 (webtiles) character file.

Game seed: 13625768224229877088

174 sleeves the Cudgeller (level 5, -6/43 HPs)
             Began as an Armataur Warper on Oct 12, 2022.
             Mangled by a gnoll
             ... wielding a +1 flail of protection
              (8 damage)
             ... on level 4 of the Dungeon.
             The game lasted 00:04:19 (3340 turns).

sleeves the Cudgeller (Armataur Warper)             Turns: 3340, Time: 00:04:19

Health: -6/43      AC:  4    Str: 19    XL:     5   Next: 28%
Magic:  16/16      EV:  9    Int: 13    God:
Gold:   147        SH:  0    Dex:  9    Spells: 7/7 levels left

rFire   . . .      SeeInvis .    a - +0 mace
rCold   . . .      Faith    .    (no shield)
rNeg    . . .      Spirit   .    t - +0 leather armour {Will+}
rPois   .          Reflect  .    (no helmet)
rElec   .          Harm     .    (no cloak)
rCorr   .          Roll     +    (no gloves)
Will    +....                    (no barding)
Stlth   +.........               (no amulet)
HPRegen 0.27/turn                k - ring of magical power
MPRegen 0.15/turn                (no ring)

@: no status effects
A: large, rugged brown scales 3, deformed body, armoured tail, roll, long
tongue, awkward tongue
a: no special abilities


You were on level 4 of the Dungeon.
You visited 1 branch of the dungeon, and saw 4 of its levels.

You collected 147 gold pieces.

Inventory:

Hand Weapons
 a - a +0 mace (weapon)
 s - a +0 demon trident of freezing
   (You found it on level 3 of the Dungeon)
Missiles
 j - 5 silver boomerangs (quivered)
 l - 2 poisoned darts
Armour
 f - an orb of guile
   (You found it on level 1 of the Dungeon)
 t - a +0 leather armour of willpower (worn)
   (You found it on level 3 of the Dungeon)
Jewellery
 k - a ring of magical power (left hand)
   (You found it on level 1 of the Dungeon)
 m - a +6 ring of dexterity
   (You found it on level 2 of the Dungeon)
 r - a ring of wizardry
   (You found it on level 3 of the Dungeon)
Scrolls
 c - 4 scrolls of blinking
 e - 3 scrolls of silence {unknown}
 g - 5 scrolls of identify {unknown}
 i - a scroll of noise {unknown}
 n - a scroll of immolation {unknown}
 p - a scroll of enchant armour {unknown}
 q - a scroll of teleportation {unknown}
Potions
 b - a potion of brilliance {unknown}
 h - 4 potions of attraction {unknown}
 o - a potion of degeneration {unknown}
 u - a potion of heal wounds {unknown}


   Skills:
 - Level 1.7 Fighting
 + Level 5.1 Maces & Flails
 - Level 0.8 Throwing
 - Level 1.2 Armour
 - Level 1.3 Dodging
 - Level 1.7 Spellcasting
 - Level 3.0 Translocations


You had 7 spell levels left.
You didn't know any spells.
Your spell library contained the following spells:

 Spells                   Type           Power      Damage    Failure   Level
 Blink                    Tloc           16%        N/A       14%         2
 Momentum Strike          Conj/Tloc      10%        3d8       26%         2
 Lesser Beckoning         Tloc           16%        N/A       26%         3
 Teleport Other           Tloc           8%         N/A       26%         3
 Freeze                   Ice            4%         1d3       30%         1
 Vhi's Electric Charge    Tloc/Air       10%        N/A       45%         3
 Kindle Blastsparks       Fire/Tloc/Air  6%         2d10      52%         3
 Manifold Assault         Tloc           8%         N/A       65%         4
 Frozen Ramparts          Ice            2%         1d1       67%         3
 Hailstorm                Conj/Ice       1%         3d3       67%         3
 Ignite Poison            Fire/Tmut/Pois 1%         N/A       67%         3
 Freezing Cloud           Conj/Ice/Air   0%         6-21      100%        5


Dungeon Overview and Level Annotations

Branches:
Dungeon (4/15)
 Temple: D:4-7

Altars:
Makhleb
Sif Muna
Trog


Innate Abilities, Weirdness & Mutations

You are completely covered in rugged brown scales. (AC +3, +7% HP)
Armour fits poorly on your strangely shaped body.
You have a long armoured tail.
You roll when moving toward enemies. (Rampage)
Your long tongue fully drains potion bottles. (2x potion effects)
Your tongue gives you trouble enunciating. (1.5x scroll delay)


Message History

The jackal is moderately wounded.
The jackal bites you but does no damage.
The jackal barely misses you.
You closely miss the jackal.
The jackal is moderately wounded.
The jackal bites you but does no damage.
You sock the jackal!
You kill the jackal!
The jackal bites you.
You hit the jackal but do no damage. The jackal barely misses you.
The jackal bites you.
You barely miss the jackal. The jackal barely misses you.
You hit the jackal.
You kill the jackal!
The quokka bites you but does no damage.
You hit the quokka.
You kill the quokka!
You have reached level 4!
You feel stronger.
Things that are here:
a jackal corpse; a jackal corpse You pick up a book of Frost and begin reading...
You add the spells Freeze, Frozen Ramparts and Hailstorm to your library.
Things that are here:
a jackal corpse; a jackal corpse You see here a ball python corpse.
A worm comes into view.
A worm is nearby!
A worm is nearby!
You hit the worm.
The worm is moderately wounded.
You barely miss the worm.
The worm is moderately wounded.
The worm bites you but does no damage.
You hit the worm but do no damage.
The worm is moderately wounded.
The worm barely misses you.
You barely miss the worm.
You tail-slap the worm, but do no damage.
The worm is lightly wounded.
The worm bites you.
You hit the worm.
You tail-slap the worm, but do no damage.
The worm is moderately wounded.
You hit the worm.
The worm is moderately wounded.
The worm bites you.
You hit the worm.
The worm is heavily wounded.
The worm barely misses you.
You sock the worm!
The worm is almost dead.
You hit the worm.
The worm is almost dead.
The worm closely misses you.
You hit the worm.
You kill the worm!
Your Maces & Flails skill increases to level 4!
You open the door.
There is an open door here.
You see here a dart slug corpse.
There is a stone staircase leading down here.
c - 3 scrolls of blinking (gained 1)
Found a stone staircase leading up.
o - a red potion
Found a pair of boots.
An endoplasm comes into view.
The endoplasm quivers.
An endoplasm is nearby!
An endoplasm is nearby!
You roll towards the endoplasm!
You hit the endoplasm.
The endoplasm is moderately wounded.
The endoplasm closely misses you.
You hit the endoplasm.
You kill the endoplasm!
No target in view!
No target in view!
No target in view!
No target in view!
No target in view!
Okay, then.
An endoplasm comes into view.
An endoplasm is nearby!
An endoplasm is nearby!
The endoplasm quivers.
You roll towards the endoplasm!
The endoplasm hits you.
You sock the endoplasm!
You kill the endoplasm!
No target in view!
No target in view!
No target in view!
No target in view!
No target in view!
No target in view!
No target in view!
You now have 58 gold pieces (gained 10).
Found a stone staircase leading down.
You open the door.
There is an open door here.
A kobold comes into view. It is wielding a +0 dagger of venom.
The kobold shouts!
You see here 2 gold pieces.
A kobold is nearby!
You roll towards the kobold!
The kobold throws a stone.
The stone hits you.
You roll towards the kobold!
You completely miss the kobold. The kobold barely misses you.
The kobold hits you but does no damage.
You are poisoned.
You closely miss the kobold.
You feel sick. The kobold hits you but does no damage.
You are more poisoned.
You sock the kobold!
You kill the kobold!
You feel very sick.
No target in view!
No target in view!
No target in view!
No target in view!
No target in view!
No target in view!
No target in view!
You feel sick.
You feel sick.
You feel sick.
You feel sick.
You feel sick.
You feel sick.
You feel sick.
You feel sick.
You are no longer poisoned.
Things that are here:
a +0 dagger of venom; 4 stones You now have 60 gold pieces (gained 2).
You open the door.
There is an open door here.
You now have 66 gold pieces (gained 6).
Found a stone staircase leading down.
A quokka comes into view.
A quokka is nearby!
A quokka is nearby!
A quokka is nearby!
You roll towards the quokka!
You roll towards the quokka!
The quokka barely misses you.
You miss the quokka.
The quokka bites you but does no damage.
The quokka barely misses you.
You hit the quokka.
The quokka is heavily wounded.
The quokka barely misses you.
You miss the quokka. You tail-slap the quokka.
You kill the quokka!
No target in view!
No target in view!
No target in view!
No target in view!
No target in view!
You see here a quokka corpse.
Found 6 stones.
A kobold comes into view. It is wielding a +0 short sword.
The kobold shouts!
A kobold is nearby!
You roll towards the kobold!
You roll towards the kobold!
The kobold hits you with a +0 short sword.
You closely miss the kobold.
The kobold hits you with a +0 short sword.
You hit the kobold.
The kobold is severely wounded.
A worm comes into view.
The kobold closely misses you.
You barely miss the kobold.
The kobold is severely wounded.
The kobold closely misses you.
You miss the kobold.
The kobold is severely wounded.
The kobold hits you with a +0 short sword.
You barely miss the kobold.
Your tail-slap misses the kobold.
The kobold is severely wounded.
The kobold closely misses you. The kobold barely misses you.
You miss the kobold.
The kobold is severely wounded.
The kobold barely misses you.
You barely miss the kobold.
The kobold is severely wounded.
The kobold hits you with a +0 short sword.
You barely miss the kobold.
The kobold is severely wounded.
The kobold hits you but does no damage.
You miss the kobold.
The kobold is severely wounded.
The kobold hits you with a +0 short sword.
There are monsters nearby!
There are monsters nearby!
You barely miss the kobold.
The kobold is severely wounded.
The kobold completely misses you. The kobold hits you but does no damage.
You completely miss the kobold.
Your tail-slap misses the kobold.
The kobold is severely wounded.
The kobold hits you but does no damage.
You closely miss the kobold.
The kobold is severely wounded.
The kobold hits you but does no damage.
You barely miss the kobold.
The kobold is severely wounded.
The kobold hits you but does no damage.
You barely miss the kobold.
Your tail-slap misses the kobold.
The kobold is severely wounded.
The kobold hits you with a +0 short sword.
You hit the kobold.
You kill the kobold!
You hit the worm.
You tail-slap the worm, but do no damage.
The worm is moderately wounded.
You hit the worm but do no damage. Your punch misses the worm.
The worm is moderately wounded.
The worm barely misses you.
You hit the worm.
The worm is moderately wounded.
The worm bites you but does no damage.
You barely miss the worm.
The worm is moderately wounded.
You hit the worm. You tail-slap the worm.
The worm is severely wounded.
The worm bites you but does no damage.
You sock the worm!
You kill the worm!
No target in view!
No target in view!
No target in view!
No target in view!
No target in view!
No target in view!
No target in view!
You now have 78 gold pieces (gained 12).
Things that are here:
a +0 short sword; a kobold corpse A rat comes into view.
A rat is nearby!
A rat is nearby!
A rat is nearby!
You roll towards the rat!
You sock the rat!
You kill the rat!
No target in view!
No target in view!
No target in view!
No target in view!
No target in view!
No target in view!
No target in view!
No target in view!
No target in view!
No target in view!
You see here a rat corpse.
A dart slug comes into view.
A dart slug is nearby!
A dart slug is nearby!
The dart slug launches a dart at you. The slug dart hits you.
You roll towards the dart slug!
You hit the dart slug.
The dart slug is lightly wounded.
The dart slug launches a dart at you. The slug dart misses you.
You sock the dart slug!
The dart slug is almost dead.
The dart slug barely misses you.
You hit the dart slug.
You kill the dart slug!
No target in view!
No target in view!
No target in view!
No target in view!
No target in view!
No target in view!
No target in view!
No target in view!
You see here a dart slug corpse.
You open the door.
A rat comes into view.
Found a scroll labelled ZONEEK JOXIERA.
A rat is nearby!
A rat is nearby!
You roll towards the rat!
You hit the rat.
You kill the rat!
No target in view!
No target in view!
No target in view!
No target in view!
No target in view!
No target in view!
No target in view!
No target in view!
A hobgoblin comes into view.
The hobgoblin shouts!
A hobgoblin is nearby!
A hobgoblin is nearby!
You roll towards the hobgoblin!
You hit the hobgoblin.
You kill the hobgoblin!
No target in view!
No target in view!
No target in view!
No target in view!
No target in view!
No target in view!
No target in view!
No target in view!
p - a scroll labelled ZONEEK JOXIERA You open the door.
There is an open door here.
There is an open door here.
You open the door.
There is an open door here.
There is an open door here.
There is an open door here.
There is a stone staircase leading up here.
Done exploring.
Done exploring.
No target in view!
No target in view!
No target in view!
No target in view!
(D) Dungeon
Where to? (Enter - D:2, ? - help)
There is a stone staircase leading down here.
You climb downwards.
The frilled lizard hisses angrily.
The hobgoblin shouts!
You hear a shout! x2
There is a stone staircase leading up here.
There are monsters nearby!
You hit the frilled lizard.
You kill the frilled lizard!
A rat comes into view.
A goblin comes into view. It is wielding a +0 dagger.
The goblin shouts!
You hit the hobgoblin. You tail-slap the hobgoblin.
You kill the hobgoblin!
The rat closely misses you.
You hit the rat.
You kill the rat!
You roll towards the goblin!
Found 18 gold pieces.
You roll towards the goblin!
You completely miss the goblin.
Your tail-slap misses the goblin.
The goblin hits you but does no damage.
You barely miss the goblin. The goblin barely misses you.
You barely miss the goblin.
Your tail-slap misses the goblin.
The goblin barely misses you. The goblin hits you with a +0 dagger.
You completely miss the goblin. The goblin hits you but does no damage.
You sock the goblin!
You kill the goblin!
No target in view!
An orc comes into view. It is wielding a +0 dagger.
An orc is nearby!
An orc is nearby!
You hit the orc.
The orc is severely wounded.
The orc hits you but does no damage.
You closely miss the orc.
The orc is severely wounded.
The orc barely misses you.
You hit the orc.
The orc is almost dead.
The orc hits you with a +0 dagger. x2
You completely miss the orc.
The orc is almost dead.
The orc hits you with a +0 dagger.
You hit the orc.
You kill the orc!
An orc comes into view. It is wielding a +0 hand axe.
Found a robe.
The orc shouts!
An orc comes into view. It is wielding a +0 mace.
You hit the orc. You tail-slap the orc.
You kill the orc!
You barely miss the orc. The orc barely misses you.
You hit the orc.
The orc is moderately wounded.
The orc hits you but does no damage. The orc hits you with a +0 mace.
An orc is nearby!
An orc is nearby!
An orc is nearby!
You closely miss the orc.
The orc is moderately wounded.
The orc misses you.
You hit the orc but do no damage.
The orc is moderately wounded.
The orc hits you but does no damage.
You barely miss the orc.
The orc is moderately wounded.
The orc hits you but does no damage.
You sock the orc!
You kill the orc!
No target in view!
No target in view!
No target in view!
No target in view!
HP restored.
q - a scroll labelled REOSELIDOST
Things that are here:
a +0 dagger; an orc corpse You now have 96 gold pieces (gained 18).
Found a club.
You see here a +0 club.
A bat comes into view.
Found a club.
Found a stone staircase leading up.
You roll towards the bat!
A hobgoblin comes into view.
Found a Trismegistus Codex.
You barely miss the bat. The bat hits you but does no damage.
The bat hits you but does no damage.
You closely miss the bat.
Your tail-slap misses the bat.
The bat hits you but does no damage. x2
You hit the bat.
You kill the bat!
You closely miss the hobgoblin. The hobgoblin hits you.
You hit the hobgoblin.
The hobgoblin is severely wounded.
The hobgoblin hits you.
You hit the hobgoblin but do no damage.
The hobgoblin is severely wounded.
The hobgoblin completely misses you.
You barely miss the hobgoblin.
The hobgoblin is severely wounded.
The hobgoblin barely misses you.
You hit the hobgoblin.
You kill the hobgoblin!
No target in view!
No target in view!
No target in view!
No target in view!
There is a stone staircase leading up here.
You pick up a Trismegistus Codex and begin reading...
You add the spells Kindle Blastsparks, Ignite Poison and Freezing Cloud to your library.
Found a dagger.
Found an escape hatch in the floor.
There is an escape hatch in the floor here.
c - 4 scrolls of blinking (gained 1)
r - a ring of wizardry
Found a burning altar of Makhleb.
Found a bloodstained altar of Trog.
You now have 112 gold pieces (gained 16).
g - 3 scrolls labelled BUFFAY YPPOEHU (gained 1)
An orc comes into view. It is wielding a +0 club.
An orc is nearby!
An orc is nearby!
No reachable target in view!
No reachable target in view!
No reachable target in view!
Found a ring mail and a runed demon trident.
The orc hits you with a +0 club.
You sock the orc!
You kill the orc!
No target in view!
No target in view!
Found a scroll labelled BUFFAY YPPOEHU.
You now have 114 gold pieces (gained 2).
Things that are here:
a +0 club; an orc corpse You see here a +0 demon trident of freezing.
s - a +0 demon trident of freezing
g - 4 scrolls labelled BUFFAY YPPOEHU (gained 1)
A hobgoblin comes into view.
A hobgoblin is nearby!
A hobgoblin is nearby!
You hit the hobgoblin but do no damage.
Your tail-slap misses the hobgoblin.
The hobgoblin hits you.
You hit the hobgoblin but do no damage. The hobgoblin hits you.
You closely miss the hobgoblin. You tail-slap the hobgoblin.
The hobgoblin is almost dead.
The hobgoblin closely misses you.
You barely miss the hobgoblin.
You tail-slap the hobgoblin, but do no damage.
The hobgoblin is almost dead.
The hobgoblin hits you.
You closely miss the hobgoblin. You tail-slap the hobgoblin.
You kill the hobgoblin!
No target in view!
No target in view!
No target in view!
Found a stone staircase leading up.
Found a stone staircase leading down.
There is a stone staircase leading down here.
A kobold comes into view. It is wielding a +0 club.
The kobold moves out of view.
No target in view!
No target in view!
No target in view!
No target in view!
No target in view!
No target in view!
No target in view!
No target in view!
A kobold is nearby!
A kobold is nearby!
A kobold is nearby!
You roll towards the kobold!
You hit the kobold. You punch the kobold.
The kobold is heavily wounded.
The kobold closely misses you.
You closely miss the kobold.
The kobold is heavily wounded.
The kobold hits you with a +0 club.
You hit the kobold but do no damage.
The kobold is heavily wounded.
The kobold barely misses you.
You hit the kobold.
You kill the kobold!
No target in view!
No target in view!
No target in view!
No target in view!
You see here a +0 club.
A frilled lizard comes into view.
The frilled lizard hisses angrily.
A frilled lizard is nearby!
A frilled lizard is nearby!
You roll towards the frilled lizard!
Found a glowing leather armour.
You miss the frilled lizard. The frilled lizard bites you.
The frilled lizard bites you but does no damage.
You sock the frilled lizard!
You kill the frilled lizard!
No target in view!
No target in view!
No target in view!
No target in view!
No target in view!
No target in view!
e - 3 scrolls labelled ASA DYTIAWE (gained 1)
You see here a +0 leather armour of willpower.
t - a +0 leather armour of willpower You start removing your armour.
You continue taking off your +0 leather armour. x4
You finish taking off your +0 leather armour.
You start putting on your armour.
You continue putting on your +0 leather armour of willpower. x5
You finish putting on your +0 leather armour of willpower.
You feel strong-willed.
You drop a +0 leather armour.
A goblin comes into view. It is wielding a +0 club.
A goblin is nearby!
A goblin is nearby!
You roll towards the goblin!
You completely miss the goblin. The goblin hits you with a +0 club.
You barely miss the goblin.
Your tail-slap misses the goblin.
The goblin hits you with a +0 club.
You sock the goblin!
You kill the goblin!
No target in view!
No target in view!
No target in view!
No target in view!
You see here a +0 club.
You now have 122 gold pieces (gained 8).
You now have 125 gold pieces (gained 3).
A hobgoblin comes into view.
A hobgoblin is nearby!
A hobgoblin is nearby!
You roll towards the hobgoblin!
You roll towards the hobgoblin!
The hobgoblin hits you but does no damage.
You sock the hobgoblin!
You kill the hobgoblin!
No target in view!
No target in view!
No target in view!
No target in view!
No target in view!
No target in view!
No target in view!
No target in view!
You now have 137 gold pieces (gained 12).
Found a stone staircase leading down.
Found a stone staircase leading down.
There is a stone staircase leading down here.
Found an escape hatch in the ceiling.
No target in view!
No target in view!
No target in view!
No target in view!
No target in view!
No target in view!
No target in view!
A rat comes into view.
A rat is nearby!
A rat is nearby!
You roll towards the rat!
The rat bites you but does no damage.
You hit the rat.
You kill the rat!
No target in view!
No target in view!
No target in view!
No target in view!
No target in view!
No target in view!
No target in view!
You now have 147 gold pieces (gained 10).
h - 4 fuming silvery potions (gained 1)
You open the door.
Found a shimmering blue altar of Sif Muna.
There is an open door here.
You enter the shallow water.
Moving in this stuff is going to be slow.
There is an open door here.
Found a faded altar of an unknown god.
No target in view!
A hobgoblin comes into view.
A hobgoblin is nearby!
A hobgoblin is nearby!
You roll towards the hobgoblin!
You hit the hobgoblin.
You tail-slap the hobgoblin, but do no damage.
The hobgoblin is moderately wounded.
The hobgoblin closely misses you.
The hobgoblin hits you but does no damage.
You thump the hobgoblin!
You kill the hobgoblin!
No target in view!
No target in view!
No target in view!
No target in view!
No target in view!
No target in view!
No target in view!
You see here a hobgoblin corpse.
You see here a +0 club.
b - a purple potion
Found a war axe.
An adder comes into view.
The adder hisses angrily.
You hear an angry hiss.
A ball python comes into view.
There are monsters nearby!
You thump the ball python!
You kill the ball python!
You sock the adder! You tail-slap the adder.
You kill the adder!
No target in view!
No target in view!
No target in view!
No target in view!
No target in view!
No target in view!
No target in view!
No target in view!
Things that are here:
an adder corpse; a ball python corpse
Things that are here:
an adder corpse; a ball python corpse An orc comes into view.
It is wielding a +0 hand axe.
The orc shouts!
An orc is nearby!
An orc is nearby!
A ball python comes into view.
A quokka comes into view.
You roll towards the quokka!
A hobgoblin, a goblin and 2 kobolds come into view.
A kobold is wielding a +1 dagger of venom.
A kobold is wielding a +0 club and quivering poisoned darts.
Found a war axe.
The ball python hisses angrily.
The hobgoblin shouts!
The kobold shouts!
The goblin shouts!
You hit the quokka but do no damage. The kobold closely misses you.
The quokka bites you.
The kobold moves out of view.
You hit the orc.
The orc is lightly wounded.
The kobold hits you but does no damage.
You are poisoned.
The orc closely misses you. The quokka bites you.
The kobold attacks as you move away! The kobold closely misses you.
You feel sick.
You feel sick.
The quokka bites you but does no damage.
The quokka attacks as you move away! The quokka bites you.
You feel sick.
You feel sick.
You feel sick. The quokka attacks as you move away!
The quokka bites you but does no damage.
You feel sick.
You feel sick. The quokka closely misses you.
You feel sick.
You are no longer poisoned.
The quokka attacks as you move away! The quokka barely misses you.
A hobgoblin comes into view.
The hobgoblin shouts!
The quokka attacks as you move away!
The quokka bites you but does no damage.
The quokka bites you but does no damage.
The quokka attacks as you move away!
The quokka bites you but does no damage.
The quokka attacks as you move away!
The quokka bites you but does no damage.
The quokka attacks as you move away!
The quokka bites you but does no damage.
You barely miss the quokka. You tail-slap the quokka.
The quokka is heavily wounded.
The quokka bites you. x2
You barely miss the quokka.
You tail-slap the quokka, but do no damage.
The quokka is heavily wounded.
The quokka bites you but does no damage.
You barely miss the quokka.
The quokka is heavily wounded.
The quokka bites you but does no damage.
The quokka bites you.
You miss the quokka. You tail-slap the quokka.
The quokka is almost dead.
The quokka bites you.
You closely miss the quokka.
The quokka is almost dead.
The quokka bites you but does no damage.
You completely miss the quokka.
The quokka is almost dead.
The quokka barely misses you. The quokka bites you.
* * * LOW HITPOINT WARNING * * *
You barely miss the quokka.
Your tail-slap misses the quokka.
The quokka is almost dead.
The quokka closely misses you.
You barely miss the quokka.
The quokka is almost dead.
The quokka bites you.
* * * LOW HITPOINT WARNING * * *
The quokka barely misses you.
You hit the quokka.
You kill the quokka!
You hit the ball python.
You kill the ball python!
The orc suddenly jeers.
You hit the orc but do no damage. The orc barely misses you.
You hit the orc.
The orc is lightly wounded.
The orc hits you but does no damage.
You hit the orc.
The orc is heavily wounded.
The orc barely misses you. x2
You hit the orc.
You kill the orc!
You closely miss the hobgoblin. The hobgoblin hits you.
* * * LOW HITPOINT WARNING * * *
You hit the hobgoblin.
The hobgoblin is moderately wounded.
The hobgoblin barely misses you.
You hit the hobgoblin.
Your tail-slap misses the hobgoblin.
The hobgoblin is severely wounded.
The hobgoblin hits you but does no damage.
You hit the hobgoblin.
You kill the hobgoblin!
The goblin hits you with a +0 dagger.
* * * LOW HITPOINT WARNING * * *
You aren't carrying any items that you can evoke.
The goblin attacks as you move away! The goblin hits you but does no damage.
The goblin attacks as you move away! The goblin hits you but does no damage.
You see here a +0 club.
The goblin attacks as you move away! The goblin hits you with a +0 dagger.
* * * LOW HITPOINT WARNING * * *
The goblin attacks as you move away! The goblin hits you but does no damage.
The goblin attacks as you move away! The goblin completely misses you.
The goblin attacks as you move away! The goblin barely misses you.
Throw: 7 boomerangs (disperse)
Press: ? - help, Q - select action, (/) - cycle Shift-Dir - straight line, f - goblin
Aim: a goblin, wielding a +0 dagger (43% to hit)
You throw a boomerang of dispersal.
The boomerang of dispersal hits the goblin!
The goblin blinks!
You kill the goblin!
The kobold throws a stone.
The stone closely misses you.
Things that are here:
a +0 dagger; a goblin corpse The kobold throws a stone.
The stone hits you but does no damage.
The kobold throws a stone.
The stone barely misses you.
There is an escape hatch in the floor here.
There is a stone staircase leading up here.
The hobgoblin closely misses you.
You climb upwards.
There is a stone staircase leading down here.
You closely miss the hobgoblin. The hobgoblin barely misses you.
You hit the hobgoblin.
You kill the hobgoblin!
No target in view!
No target in view!
No target in view!
No target in view!
No target in view!
No target in view!
No target in view!
No target in view!
No target in view!
No target in view!
You start resting.
HP restored.
There is a stone staircase leading down here.
You climb downwards.
There is a stone staircase leading up here.
You see here a +0 dagger.
Things that are here:
a +0 hand axe; a +0 scale mail; a +0 mace You see here a +0 club.
An orc comes into view. It is wielding a +0 short sword.
Items here: ) [ ††.
An orc is nearby!
An orc is nearby!
You hit the orc.
The orc is almost dead.
The orc barely misses you. x2
You hit the orc but do no damage. You tail-slap the orc.
You kill the orc!
No target in view!
No target in view!
No target in view!
No target in view!
No target in view!
No target in view!
No target in view!
No target in view!
No target in view!
No target in view!
Done exploring.
Done exploring.
Done exploring.
Done exploring.
No target in view!
(D) Dungeon
Where to? (Enter - D:2 @ (x,y), ? - help)
You see here a +0 war axe.
Things that are here:
a +0 short sword; a +0 leather armour
Items here: ) [ ††.
There is a stone staircase leading down here.
You climb downwards.
The orc shouts!
Found three items.
There is a stone staircase leading up here.
An orc is nearby!
You hit the orc. You tail-slap the orc.
You kill the orc!
No target in view!
No target in view!
No target in view!
No target in view!
No target in view!
Things that are here:
a +0 club; an orc corpse You pick up a book of Spatial Translocations and begin reading...
You add the spell Momentum Strike to your library.
u - a murky ruby potion
g - 5 scrolls labelled BUFFAY YPPOEHU (gained 1)
A giant cockroach comes into view.
A giant cockroach is nearby!
You sock the giant cockroach!
You kill the giant cockroach!
No target in view!
No target in view!
No target in view!
No target in view!
No target in view!
No target in view!
No target in view!
Okay, then.
You see here a giant cockroach corpse.
A jelly comes into view.
The jelly quivers.
A jelly is nearby!
A jelly is nearby!
A jelly is nearby!
You hit the jelly.
Your hands burn!
The jelly is moderately wounded.
An adder comes into view.
The jelly closely misses you.
The adder hisses angrily.
You hit the jelly.
Your hands burn!
The jelly is heavily wounded.
The jelly hits you but does no damage.
You hit the jelly.
Your hands burn!
The jelly is severely wounded.
The jelly barely misses you.
You sock the jelly!
You kill the jelly!
The adder bites you but does no damage.
Your Maces & Flails skill increases to level 5!
You have reached level 5!
You barely miss the adder. The adder barely misses you.
You barely miss the adder. The adder bites you. The adder barely misses you.
You miss the adder.
Your tail-slap misses the adder.
The adder bites you but does no damage.
You sock the adder! Your punch misses the adder.
The adder is almost dead.
The adder bites you. x2
You closely miss the adder.
Your tail-slap misses the adder.
The adder is almost dead.
The adder bites you.
You hit the adder.
The adder is almost dead.
The adder barely misses you. The adder bites you but does no damage.
You closely miss the adder.
The adder is almost dead.
The adder bites you.
You are poisoned.
The adder poisons you!
You miss the adder.
The adder is almost dead.
You feel sick. The adder barely misses you. The adder bites you.
You are too injured to fight recklessly!
You are too injured to fight recklessly!
You are too injured to fight recklessly!
An adder is nearby!
An adder is nearby!
You miss the adder.
The adder is almost dead.
You feel sick. The adder bites you but does no damage.
You miss the adder.
The adder is almost dead.
You feel sick.
You are no longer poisoned.
The adder bites you.
You are poisoned.
The adder poisons you! The adder bites you but does no damage.
You closely miss the adder.
The adder is almost dead.
You feel sick. The adder bites you.
* * * LOW HITPOINT WARNING * * *
You barely miss the adder.
The adder is almost dead.
You feel sick. The adder bites you.
* * * LOW HITPOINT WARNING * * *
The adder bites you but does no damage.
You sock the adder!
You kill the adder!
You feel sick.
You feel sick.
You see here an adder corpse.
You feel sick.
You feel sick.
You are no longer poisoned.
HP restored.
A gnoll comes into view.
It is wielding a +1 flail of protection.
Found an escape hatch in the floor.
The gnoll shouts!
You hear a shout!
A gnoll is nearby!
A gnoll is nearby!
You swing at nothing.
You swing at nothing.
You swing at nothing.
You swing at nothing.
You closely miss the gnoll. The gnoll barely misses you.
You barely miss the gnoll.
The gnoll hits you with a +1 flail of protection.
You hit the gnoll but do no damage.
The gnoll hits you with a +1 flail of protection.
The gnoll barely misses you.
You hit the gnoll but do no damage. You tail-slap the gnoll.
The gnoll is lightly wounded.
The gnoll hits you with a +1 flail of protection!
You closely miss the gnoll.
The gnoll is lightly wounded.
The gnoll hits you with a +1 flail of protection!
* * * LOW HITPOINT WARNING * * *
You barely miss the gnoll.
The gnoll is lightly wounded.
The gnoll hits you with a +1 flail of protection!
* * * LOW HITPOINT WARNING * * *
Throw: 6 boomerangs (disperse)
Press: ? - help, Q - select action, (/) - cycle Shift-Dir - straight line, f - gnoll
Aim: a gnoll, wielding a +1 flail of protection (lightly wounded, 56% to hit)
You throw a boomerang of dispersal.
The boomerang of dispersal closely misses the gnoll.
The gnoll hits you with a +1 flail of protection!
* * * LOW HITPOINT WARNING * * *
Throw: 5 boomerangs (disperse)
Press: ? - help, Q - select action, (/) - cycle Shift-Dir - straight line, f/p - gnoll
Aim: a gnoll, wielding a +1 flail of protection (lightly wounded, 56% to hit)
You throw a boomerang of dispersal.
The boomerang of dispersal hits the gnoll.
The gnoll blinks!
The gnoll is heavily wounded.
A gnoll comes into view. It is wielding a +0 club.
The gnoll shouts!
You aren't carrying any items that you can evoke.
Throw: 4 boomerangs (disperse)
Press: ? - help, Q - select action, (/) - cycle Shift-Dir - straight line, f/p - gnoll
Aim: a gnoll, wielding a +1 flail of protection (heavily wounded, 56% to hit)
You throw a boomerang of dispersal.
The boomerang of dispersal hits the gnoll but does no damage.
The gnoll is heavily wounded.
Throw: 3 boomerangs (disperse)
Press: ? - help, Q - select action, (/) - cycle Shift-Dir - straight line, f/p - gnoll
Aim: a gnoll, wielding a +1 flail of protection (heavily wounded, 56% to hit)
You throw a boomerang of dispersal.
The boomerang of dispersal hits the gnoll but does no damage.
The gnoll is heavily wounded.
A gnoll comes into view. It is wielding a +0 halberd.
Throw: 2 boomerangs (disperse)
Press: ? - help, Q - select action, (/) - cycle Shift-Dir - straight line, f/p - gnoll
Aim: a gnoll, wielding a +1 flail of protection (heavily wounded, 56% to hit)
You throw a boomerang of dispersal.
The boomerang of dispersal hits the gnoll but does no damage.
The gnoll is heavily wounded.
The gnoll hits you with a +1 flail of protection.
* * * LOW HITPOINT WARNING * * *
Throw: boomerang (disperse)
Press: ? - help, Q - select action, (/) - cycle Shift-Dir - straight line, f/p - gnoll
Aim: a gnoll, wielding a +1 flail of protection (heavily wounded, 56% to hit)
You throw a boomerang of dispersal.
The boomerang of dispersal hits the gnoll but does no damage.
The gnoll is heavily wounded.
The gnoll completely misses you.
The gnoll hits you with a +1 flail of protection!
You die...

... ####.# #....#
######.#..#
##......#†##
########...#####.#
#..........###...#
##.#g######....^###
#g.@.# ####..#
#.....## #..#
#..g..### ##..#
...### ##...# ..
#####..#.# >
#.....##.# #.#####
.# #.# ..
.#######.##### ##


You could see 3 gnolls.

Vanquished Creatures
  A jelly (D:4)
  2 adders
  3 worms (D:2)
  4 dart slugs
  7 orcs
  5 ball pythons
  6 bats
  6 endoplasms
  4 giant cockroaches
  7 goblins
  9 hobgoblins
  7 jackals
  8 quokkas
  6 frilled lizards
  8 kobolds
  11 rats
94 creatures vanquished.

Notes
Turn   | Place    | Note
-------+----------+-------------------------------------------
     0 | D:1      | sleeves the Armataur Warper began the quest for the Orb.
     0 | D:1      | Reached XP level 1. HP: 18/18 MP: 3/3
    56 | D:1      | Reached skill level 2 in Maces & Flails
   101 | D:1      | Reached XP level 2. HP: 22/25 MP: 4/4
   163 | D:1      | HP: 10/25 [frozen (4)]
   168 | D:1      | HP: 7/25 [endoplasm (1)]
   290 | D:1      | Reached skill level 3 in Maces & Flails
   375 | D:1      | Reached XP level 3. HP: 30/31 MP: 5/5
  1452 | D:2      | Reached XP level 4. HP: 34/38 MP: 6/6
  1520 | D:2      | Reached skill level 4 in Maces & Flails
  2336 | D:3      | Found a burning altar of Makhleb.
  2338 | D:3      | Found a bloodstained altar of Trog.
  2702 | D:3      | Found a shimmering blue altar of Sif Muna.
  2749 | D:3      | Found a faded altar of an unknown god.
  2878 | D:3      | HP: 19/38 [quokka (3)]
  2887 | D:3      | HP: 14/38 [hobgoblin (4)]
  2900 | D:3      | HP: 13/38 [goblin/+0 dagger (2)]
  3179 | D:4      | Reached skill level 5 in Maces & Flails
  3179 | D:4      | Reached XP level 5. HP: 37/43 MP: 7/7
  3189 | D:4      | HP: 20/43 [adder (2)]
  3194 | D:4      | HP: 16/43 [poisoned by an adder]
  3328 | D:4      | HP: 20/43 [gnoll/+1 flail of protection (8)]
  3330 | D:4      | HP: 5/43 [gnoll/+1 flail of protection (9)]
  3339 | D:4      | HP: 1/43 [gnoll/+1 flail of protection (6)]
  3340 | D:4      | Mangled by a gnoll

Illustrated notes

Levels and vault maps discovered:
D:1:      lemuel_arrival_tunnels, layout_basic
D:2:      layout_loops_corners
D:3:      minmay_diamond_boxcup, layout_loops_cross, led_sif_pool,
          mainiacjoe_overflow_catwalk_spiral, ebering_ecumenical_altar_mist,
          minmay_misc_feat_diagonals
D:4:      layout_rooms

Skill      XL: |  1  2  3  4 |
---------------+-------------+-----
Maces & Flails | 2 3 5 |  5.1
Fighting       | |  1.7
Throwing       | |  0.8
Armour         | |  1.2
Dodging        | |  1.3
Spellcasting   | |  1.7
Translocations | |  3.0

Action                   |  1- 3 |  4- 6 || total
-------------------------+-------+-------++-------
Melee: Mace              |   162 |   144 ||   306
       Tailslap          |    13 |    18 ||    31
       Punch             |     1 |     1 ||     2
Throw: Boomerang         |       |     7 ||     7
Armor: Leather armour    |    67 |    49 ||   116
Dodge: Dodged            |    87 |    58 ||   145

Table legend: (Time is in decaauts)
 A = Elapsed time spent in this place.
 B = Non-inter-level travel time spent in this place.
 C = Inter-level travel time spent in this place.
 D = Time resting spent in this place.
 E = Time spent auto-exploring this place.
 F = Levels seen in this place.
 G = Mean time per level.
                   A        B        C        D        E       F      G
               +--------+--------+--------+--------+--------+-----+--------+
         Total |   3408 |   3289 |    119 |     39 |   2536 |   4 |  852.0 |
       Dungeon |   3408 |   3289 |    119 |     39 |   2536 |   4 |  852.0 |
               +--------+--------+--------+--------+--------+-----+--------+

Top non-repeatable levels by time:
     D:2: 1152 daAuts
     D:1: 1131 daAuts
     D:3: 896 daAuts
     D:4: 227 daAuts
